 Dungeon Crawl Stone Soup version 0.28-a0-730-g892d06dc2c (webtiles) character file.

Game seed: 18266591438429096564

353 cheechan the Covert (level 6, -15/57 HPs)
             Began as a Naga Delver on Oct 28, 2021.
             Demolished by an ogre (31 damage)
             ... on level 4 of the Dungeon.
             The game lasted 00:12:16 (3262 turns).

cheechan the Covert (Naga Delver)                   Turns: 3262, Time: 00:12:17

Health: -15/57     AC:  4    Str: 16      XL:     6   Next: 62%
Magic:  6/6        EV:  9    Int:  7 (8)  God:
Gold:   200        SH:  3    Dex: 13      Spells: 4/5 levels left

rFire   . . .      SeeInvis +   a - +0 hand axe (flame)
rCold   . . .      Faith    .   h - +0 buckler
rNeg    . . .      Spirit   .   b - +0 leather armour
rPois   +          Reflect  .   (no helmet)
rElec   .          Harm     .   i - +0 cloak
rCorr   .          Rampage  .   (no gloves)
Will    +....                   (no barding)
Stlth   ++++......              (no amulet)
HPRegen 0.19/turn               (no ring)
MPRegen 0.10/turn               (no ring)

@: very slow
A: AC +2, large, see invisible, deformed body, poison resistance, slowness 2,
spit poison 1, naga tail 1, deterioration 1, dopey 1, strong-willed 1
a: Spit Poison


You were on level 4 of the Dungeon.
You visited 1 branch of the dungeon, and saw 5 of its levels.

You collected 298 gold pieces.
You spent 98 gold pieces at shops.

Inventory:

Hand Weapons
 a - a +0 hand axe of flaming (weapon)
 j - a +0 hand axe
 o - a +2 dagger of flaming
 q - a +0 dagger of pain
 t - a +0 scythe
Missiles
 l - 120 stones
 p - 55 arrows
 u - 18 sling bullets
 v - 6 curare-tipped darts
 z - 16 bolts
Armour
 b - a +0 leather armour (worn)
 h - a +0 buckler (worn)
 i - a +0 cloak (worn)
Wands
 g - a wand of digging (3)
Scrolls
 c - a scroll of fog
 d - 2 scrolls of magic mapping
 m - a scroll of immolation
 n - 5 scrolls of teleportation
 s - 2 scrolls of amnesia
Potions
 e - a potion of mutation
 f - a potion of haste
 k - 2 potions of curing
 r - a potion of magic
 x - 2 potions of lignification


   Skills:
 + Level 3.9 Fighting
 + Level 1.1 Short Blades
 + Level 3.3 Axes
 + Level 2.4 Armour
 + Level 2.4 Dodging
 + Level 8.6 Stealth
 + Level 0.5 Shields


You had 4 spell levels left.
You knew the following spells:

 Your Spells              Type           Power      Damage    Failure   Level
a - Sting                 Tmut/Pois      0%         1d3       63%         1

Your spell library contained the following spells:

 Spells                   Type           Power      Damage    Failure   Level
 Ensorcelled Hibernation  Hex/Ice        0%         N/A       77%         2
 Poisonous Vapours        Pois/Air       0%         N/A       77%         2
 Spider Form              Tmut/Pois      0%         N/A       94%         3
 Olgreb's Toxic Radiance  Pois           0%         N/A       100%        4


Dungeon Overview and Level Annotations

Branches:
Dungeon (5/15)
 Temple: D:4-7

Altars:

Shops:
D:1 !*([

Annotations:
D:5 1 transporter


Innate Abilities, Weirdness & Mutations

Your serpentine skin is tough. (AC +2)
You have supernaturally acute eyesight. (SInv)
Armour fits poorly on your strangely shaped body.
Your system is resistant to poisons. (rPois)
You cover ground very slowly.
You can spit poison.
You have a snake-like lower body.
Your body sometimes deteriorates upon taking damage.
You are dopey. (Int -2)
You are strong-willed. (Will+)


Message History

The kobold shouts!
A kobold comes into view. It is wielding a +0 club.
An ogre comes into view. It is wielding a +0 giant club.
The ogre moves out of view.
Abil: Spit Poison
Press: ? - help, Q - select action, (/) - cycle Shift-Dir - straight line, f - kobold
Aim: a kobold, wielding a +0 short sword and quivering stones The splash of poison hits the kobold!
The kobold is poisoned.
You kill the kobold!
The kobold shouts!
A kobold comes into view. It is wielding a +0 club.
The ogre shouts!
The kobold shouts!
You block the kobold's attack.
Things that are here:
a +0 short sword; 4 stones; a kobold corpse You completely miss the kobold.
You have got your breath back.
You block the kobold's attack. The kobold barely misses you.
You hit the kobold. You burn the kobold.
You kill the kobold!
You hit the ogre. You burn the ogre.
The ogre is lightly wounded.
The ogre hits you with a +0 giant club!
You hit the ogre. You burn the ogre.
The ogre is moderately wounded.
You hit the kobold. You burn the kobold.
You kill the kobold!
The ogre barely misses you.
You hit the ogre. You burn the ogre.
The ogre is heavily wounded.
The ogre closely misses you.
You hit the ogre. You burn the ogre.
The ogre is severely wounded.
The ogre hits you with a +0 giant club!!
* * * LOW HITPOINT WARNING * * *
You hit the ogre. You burn the ogre.
The ogre is almost dead.
The ogre hits you with a +0 giant club!!
Ouch! That really hurt!
You die...

#.# ##..# ###### ##..#
..## ......##..# #...#
..........# #....
#......## #....
###.....### #....
...###.........#####....
......O@.#..............
......).####............
......### #.<..........
...... ##...........
..... #........... .....
##........... ....
#............ ..#.
#......รท>....
..............


You could see an ogre.

Vanquished Creatures
  Sigmund (D:2)
  A hound (D:4)
  An orc wizard (D:4)
  A hound skeleton (D:3)
  3 gnolls (D:2)
  2 adders (D:2)
  4 dart slugs
  4 orcs
  6 ball pythons
  5 bats
  10 endoplasms
  2 giant cockroaches
  5 goblins
  12 hobgoblins
  5 jackals
  9 kobolds
  2 quokkas (D:1)
  7 frilled lizards
  3 rats
83 creatures vanquished.

Notes
Turn   | Place    | Note
-------+----------+-------------------------------------------
     0 | D:5      | cheechan the Naga Delver began the quest for the Orb.
     0 | D:5      | Reached XP level 1. HP: 21/21 MP: 1/1
    10 | D:5      | Found a transporter.
    14 | D:5      | Noticed an electric eel
    28 | D:5      | Noticed an electric eel
    28 | D:5      | Noticed an electric eel
   171 | D:3      | Reached XP level 2. HP: 21/28 MP: 2/2
   202 | D:3      | Learned a level 1 spell: Sting
   262 | D:3      | Reached XP level 3. HP: 24/34 MP: 3/3
   444 | D:3      | Reached skill level 8 in Stealth
   904 | D:2      | Reached XP level 4. HP: 6/42 MP: 4/4
   904 | D:2      | HP: 1/42 [gnoll (5)]
   910 | D:2      | Reached skill level 1 in Armour
   952 | D:2      | HP: 1/42 [hobgoblin (3)]
   961 | D:2      | HP: 1/42 [frilled lizard (1)]
  1766 | D:1      | Found Vuvuap's Assorted Antiques.
  1858 | D:1      | Reached XP level 5. HP: 36/49 MP: 5/5
  1865 | D:1      | Gained mutation: You are strong-willed. (Will+) [potion of
                  | mutation]
  1865 | D:1      | Gained mutation: Your magical capacity is low. (-10% MP)
                  | [potion of mutation]
  1865 | D:1      | Gained mutation: You are dopey. (Int -2) [potion of
                  | mutation]
  1866 | D:1      | Lost mutation: Your magical capacity is low. (-10% MP)
                  | [potion of mutation]
  1866 | D:1      | Gained mutation: Your body sometimes deteriorates upon
                  | taking damage. [potion of mutation]
  1876 | D:1      | Found Liteth's Distillery.
  2139 | D:1      | Found Gucargh's Armour Shop.
  2149 | D:1      | Found Cedun's Weapon Boutique.
  2489 | D:1      | Bought a coppery potion for 18 gold pieces
  2489 | D:1      | Bought a scroll of identify for 40 gold pieces
  2489 | D:1      | Bought a scroll of identify for 40 gold pieces
  2543 | D:2      | Noticed Sigmund
  2550 | D:2      | Killed Sigmund
  2551 | D:2      | Reached XP level 6. HP: 57/57 MP: 6/6
  2907 | D:4      | Reached skill level 1 in Short Blades
  3262 | D:4      | Demolished by an ogre

Illustrated notes

Levels and vault maps discovered:
D:1:      lightli_arrival_statue_moat, layout_basic, serial_shops,
          nicolae_shop_competitors_out_of_business, shop, shop_coins, shop,
          hellmonk_ecumenical_altar_leap_of_faith
D:2:      layout_loops_ring, uniq_sigmund
D:3:      layout_basic, serial_glass, glass_columns_c, glass_columns_a,
          chequers_serial_rivers_large_b, grunt_ministairs_2, minmay_surrounded
D:4:      layout_layer_cave, minmay_temple_entry_wispy, uniq_blork_the_orc
D:5:      gammafunk_steamed_eel, layout_loops_ring,
          gammafunk_temple_overflow_wave, kennysheep_opposing_triangles

Skill      XL: |  1  2  3  4  5  6 |
---------------+-------------------+-----
Stealth        | 8 |  8.6
Armour         | 1 2 |  2.4
Axes           | 3 |  3.3
Dodging        | 2 |  2.4
Short Blades   | 1 |  1.1
Fighting       | |  3.9
Shields        | |  0.5

Action                   |  1- 3 |  4- 6 || total
-------------------------+-------+-------++-------
Melee: Hand axe          |    58 |    89 ||   147
       Dagger            |       |    70 ||    70
 Abil: Spit Poison       |     7 |    26 ||    33
  Use: Scroll            |     2 |    10 ||    12
       Potion            |       |     2 ||     2
 Stab: Sleeping          |     3 |     5 ||     8
Armor: Leather armour    |    16 |    67 ||    83
Dodge: Dodged            |    21 |    91 ||   112
Block: Buckler           |     5 |    23 ||    28

Table legend: (Time is in decaauts)
 A = Elapsed time spent in this place.
 B = Non-inter-level travel time spent in this place.
 C = Inter-level travel time spent in this place.
 D = Time resting spent in this place.
 E = Time spent auto-exploring this place.
 F = Levels seen in this place.
 G = Mean time per level.
                   A        B        C        D        E       F      G
               +--------+--------+--------+--------+--------+-----+--------+
         Total |   4242 |   4234 |      8 |    651 |      0 |   5 |  848.4 |
       Dungeon |   4242 |   4234 |      8 |    651 |      0 |   5 |  848.4 |
               +--------+--------+--------+--------+--------+-----+--------+

Top non-repeatable levels by time:
     D:2: 1434 daAuts
     D:3: 1246 daAuts
     D:1: 968 daAuts
     D:4: 553 daAuts
     D:5: 39 daAuts
